 Dungeon Crawl Stone Soup version 0.29-a0-1065-g47a6bb87d6 (webtiles) character file.

Game seed: 13241641755908810845

83 fingers the Chopper (level 4, -3/40 HPs)
             Began as a Hill Orc Monk on Aug 18, 2022.
             Was a Priest of Elyvilon.
             Succumbed to an orc wizard's poison
             ... on level 4 of the Dungeon.
             The game lasted 00:08:18 (10605 turns).

fingers the Chopper (Hill Orc Monk)                Turns: 10605, Time: 00:08:19

Health: -3/40      AC:  3    Str: 15    XL:     4   Next: 44%
Magic:  0/4        EV: 12    Int: 10    God:    Elyvilon [***...]
Gold:   222        SH:  0    Dex: 13    Spells: 3/3 levels left

rFire   . . .      SeeInvis .   f - +0 hand axe (freeze)
rCold   . . .      Faith    .   (no shield)
rNeg    . . .      Spirit   .   p - +0 leather armour
rPois   .          Reflect  .   (no helmet)
rElec   .          Harm     .   (no cloak)
rCorr   .          Rampage  .   (no gloves)
Will    .....                   (no boots)
Stlth   ++........              (no amulet)
HPRegen 0.13/turn               (no ring)
MPRegen 0.09/turn               (no ring)

@: lethally poisoned (-3 -> -27)
A: no striking features
a: Renounce Religion, Purification, Heal Other, Heal Self


You were on level 4 of the Dungeon.
You worshipped Elyvilon.
Elyvilon was most pleased with you.
You visited 1 branch of the dungeon, and saw 4 of its levels.

You collected 222 gold pieces.

Inventory:

Hand Weapons
 a - a +0 hand axe
 f - a +0 hand axe of freezing (weapon)
Missiles
 q - 5 boomerangs of dispersal
Armour
 b - a +0 robe
 p - a +0 leather armour (worn)
Magical Staves
 o - a staff of death
Jewellery
 l - a ring of poison resistance
Wands
 x - a wand of paralysis (11)
Scrolls
 d - 3 scrolls of identify {unknown}
 e - a scroll of amnesia {unknown}
 g - a scroll of torment {unknown}
 h - 3 scrolls of teleportation {unknown}
 j - 2 scrolls of enchant armour {unknown}
 k - a scroll of immolation {unknown}
 v - 2 scrolls of vulnerability {unknown}
 w - a scroll of poison {unknown}
Potions
 c - a potion of ambrosia
 i - 2 potions of haste {unknown}
 m - a potion of degeneration {unknown}
 n - a potion of might {unknown}
 r - a potion of attraction {unknown}
 s - a potion of brilliance {unknown}
 t - a potion of lignification {unknown}
 u - a potion of flight {unknown}


   Skills:
 * Level 4.2 Fighting
 * Level 4.8 Axes
 * Level 1.3 Armour
 * Level 2.9 Dodging
 * Level 2.2 Stealth


You had 3 spell levels left.
You didn't know any spells.
Your spell library contained the following spells:

 Spells                   Type           Power      Damage    Failure   Level
 Beastly Appendage        Tmut           0%         N/A       43%         1
 Wereblood                Tmut           0%         N/A       56%         2
 Spider Form              Tmut/Pois      0%         N/A       80%         3


Dungeon Overview and Level Annotations

Branches:
Dungeon (4/15)
 Temple: D:4-7

Altars:
Elyvilon
Trog
Xom


Message History

You freeze the ball python.
You kill the ball python!
You barely miss the orc. The orc hits you with a +0 flail!
The orc wizard mumbles some strange words.
The orc wizard flickers and vanishes!
Deactivating autopickup; reactivate with Ctrl-A.
The orc hits you with a +0 flail!
You hit the orc. You freeze the orc.
The orc is severely wounded.
Press: ? - help, Dir - move target, f - orc Heal: an orc, wielding a +0 flail (severely wounded, chance to pacify: 6%)
The light of Elyvilon fails to reach the orc.
Press: ? - help, Dir - move target, f/p - orc Heal: an orc, wielding a +0 flail (severely wounded, chance to pacify: 6%)
The light of Elyvilon fails to reach the orc.
The orc completely misses you.
You don't have enough magic at the moment.
You slash the orc! You freeze the orc.
You kill the orc!
You barely miss the orc. The orc barely misses you.
A magic dart appears from out of thin air!
The magic dart hits you.
You hit the orc. You freeze the orc.
You kill the orc!
Something hits you.
You are poisoned.
You feel sick. Something hits you.
* * * LOW HITPOINT WARNING * * *
You are lethally poisoned!
* * * LOW HITPOINT WARNING * * *
You feel very sick.
You hit something. You freeze something.
* * * LOW HITPOINT WARNING * * *
You feel very sick. Something hits you but does no damage. Something hits you.
Elyvilon protects you from harm!
You are more poisoned.
You die...

# .# #####. ###.#
#..... ..#.#
.#...###.#.# .
........#.### ..
#.#.........#
?..##.###..<#.#
.......)....@.#.#
......†)......>.#
.#####..........#
#.#.########
#.#... #.#.###
#...# ....# #.#.#


There were no monsters in sight!

Vanquished Creatures
  2 adders
  A worm (D:2)
  A dart slug (D:1)
  3 orcs
  4 ball pythons
  4 endoplasms
  2 giant cockroaches
  4 goblins
  6 hobgoblins
  10 jackals
  A quokka (D:3)
  3 bats
  A frilled lizard (D:2)
  3 kobolds (D:2)
  5 rats
50 creatures vanquished.

Notes
Turn   | Place    | Note
-------+----------+-------------------------------------------
     0 | D:1      | fingers the Hill Orc Monk began the quest for the Orb.
     0 | D:1      | Reached XP level 1. HP: 19/19 MP: 1/1
   395 | D:1      | Reached XP level 2. HP: 25/27 MP: 2/2
  1365 | D:2      | Reached XP level 3. HP: 14/33 MP: 3/3
  2211 | D:2      | Reached skill level 1 in Armour
  2826 | D:3      | Reached XP level 4. HP: 33/40 MP: 4/4
  2832 | D:3      | Found a shimmering altar of Xom.
  2833 | D:3      | Found a shimmering altar of Xom.
  2837 | D:3      | Found a shimmering altar of Xom.
  2840 | D:3      | Found a shimmering altar of Xom.
  2841 | D:3      | Found a shimmering altar of Xom.
  2866 | D:3      | Found a faded altar of an unknown god.
  9269 | D:3      | Prayed at the altar of an unknown god.
  9269 | D:3      | Became a worshipper of Elyvilon the Healer
  9269 | D:3      | Reached * piety under Elyvilon
  9269 | D:3      | Reached ** piety under Elyvilon
  9618 | D:3      | Reached *** piety under Elyvilon
  9834 | D:3      | Found a bloodstained altar of Trog.
 10604 | D:4      | HP: 2/40 [poisoned by an orc wizard]
 10605 | D:4      | Elyvilon protects you from harm!
 10605 | D:4      | Succumbed to an orc wizard's poison

Illustrated notes

Levels and vault maps discovered:
D:1:      kilobyte_arrival_exit_the_forest, layout_basic
D:2:      layout_basic, hangedman_glass_teeth, nicolae_elevator_lobby_asterisk
D:3:      layout_basic, lemuel_doored_altar, xom_redecorated,
          ebering_ecumenical_altar_abandoned
D:4:      minmay_evil_eye, layout_basic, nicolae_sif_muna_condensation,
          serial_shops, nicolae_shop_overgrown_old_shop,
          lightli_sewer_entry_pipes, uniq_pikel

Skill      XL: |  1  2  3 |
---------------+----------+-----
Fighting       | 4 |  4.2
Stealth        | 2 |  2.2
Armour         | 1 |  1.3
Axes           | |  4.8
Dodging        | |  2.9

Action                   |  1- 3 |  4- 6 || total
-------------------------+-------+-------++-------
Melee: Hand axe          |   128 |    35 ||   163
       Punch             |     4 |     1 ||     5
Throw: Boomerang         |     1 |       ||     1
Invok: Heal Other        |       |     2 ||     2
Armor: Robe              |    20 |       ||    20
       Leather armour    |     7 |    10 ||    17
Dodge: Dodged            |   106 |    31 ||   137

Table legend: (Time is in decaauts)
 A = Elapsed time spent in this place.
 B = Non-inter-level travel time spent in this place.
 C = Inter-level travel time spent in this place.
 D = Time resting spent in this place.
 E = Time spent auto-exploring this place.
 F = Levels seen in this place.
 G = Mean time per level.
                   A        B        C        D        E       F      G
               +--------+--------+--------+--------+--------+-----+--------+
         Total |  10631 |  10539 |     92 |   7496 |   2033 |   4 | 2657.8 |
       Dungeon |  10631 |  10539 |     92 |   7496 |   2033 |   4 | 2657.8 |
               +--------+--------+--------+--------+--------+-----+--------+

Top non-repeatable levels by time:
     D:3: 7858 daAuts
     D:2: 1447 daAuts
     D:1: 1303 daAuts
     D:4: 22 daAuts
